 Dungeon Crawl Stone Soup version 0.28.0-47-ge53b351184 (webtiles) character file.

Game seed: 8391103482325451687

9860 croobank the Thaumaturge (level 11, -17/82 HPs)
             Began as a Gnoll Fire Elementalist on Apr 26, 2022.
             Was an Initiate of Gozag.
             Demolished by a boulder beetle (53 damage)
             ... on level 10 of the Dungeon on Apr 27, 2022.
             The game lasted 01:00:44 (14903 turns).

croobank the Thaumaturge (Gnoll Fire Elementalist) Turns: 14903, Time: 01:01:14

Health: -17/82     AC:  5    Str:  8    XL:     11   Next: 53%
Magic:  31/32      EV: 16    Int: 24    God:    Gozag
Gold:   1095       SH:  0    Dex: 15    Spells: 6/26 levels left

rFire   . . .      SeeInvis .   a - +2 war axe
rCold   . . .      Faith    .   (no shield)
rNeg    . . .      Spirit   .   o - +1 robe {Will+}
rPois   .          Reflect  .   (no helmet)
rElec   .          Harm     .   k - +1 cloak
rCorr   .          Rampage  .   (no gloves)
Will    +....                   (no boots)
Stlth   +++++.....              C - amulet of magic regeneration
HPRegen 0.23/turn               m - +6 ring of intelligence
MPRegen 0.63/turn               B - ring of magical power

@: gold aura
A: fangs 1, strong nose, distributed training, claws 1, hooves 1, thin skeletal
structure 1, wild magic 1
a: Renounce Religion, Potion Petition, Call Merchant, Bribe Branch


You were on level 10 of the Dungeon.
You worshipped Gozag.
Gozag was most pleased with you.
You visited 3 branches of the dungeon, and saw 12 of its levels.

You collected 1296 gold pieces.
You spent 90 gold pieces at shops.
You paid 111 gold pieces to Gozag.

Inventory:

Hand Weapons
 a - a +2 war axe (weapon)
 b - the +0 hand crossbow "Rema" {flame, rN+}
   (You took it off a kobold on level 8 of the Dungeon)

   Any ammunition fired from it burns those it strikes, dealing additional fire
   damage.
   rN:        It protects you from negative energy.
 c - a +2 dagger of venom
 i - a +1 short sword of speed
 l - a +3 rapier of draining
 t - a +0 hand axe of flaming
Missiles
 e - 3 atropa-tipped darts
 f - 362 stones
 n - 59 arrows
 p - 6 datura-tipped darts (quivered)
 r - 48 bolts
 s - 38 poisoned darts
Armour
 g - a +0 robe of fire resistance
 k - a +1 cloak (worn)
 o - a +1 robe of willpower (worn)
 u - a +0 ring mail of fire resistance
Jewellery
 m - a +6 ring of intelligence (left claw)
 v - a ring of ice
 B - a ring of magical power (right claw)
 C - an amulet of magic regeneration (around neck)
Wands
 d - a wand of iceblast (21)
 y - a wand of polymorph (14)
Scrolls
 h - a scroll of magic mapping
 z - 2 scrolls of teleportation
Potions
 j - 3 potions of mutation
 q - a potion of might
 w - a potion of attraction
 x - 2 potions of flight
 A - 3 potions of lignification
 D - a potion of cancellation
 G - a potion of berserk rage


   Skills:
 + Level 6.3 Fighting
 + Level 6.3 Short Blades
 + Level 6.3 Long Blades
 + Level 6.3 Axes
 + Level 6.3 Maces & Flails
 + Level 6.3 Polearms
 + Level 6.3 Staves
 + Level 6.3 Slings
 + Level 6.3 Bows
 + Level 6.3 Crossbows
 + Level 6.3 Throwing
 + Level 6.3 Armour
 + Level 7.9 Dodging
 + Level 7.7 Stealth
 + Level 6.3 Shields
 + Level 6.3 Unarmed Combat
 + Level 8.2 Spellcasting
 + Level 5.7 Conjurations
 + Level 5.3 Hexes
 + Level 5.3 Summonings
 + Level 5.3 Necromancy
 + Level 5.3 Translocations
 + Level 5.3 Transmutations
 + Level 7.7 Fire Magic
 + Level 5.3 Ice Magic
 + Level 5.3 Air Magic
 + Level 5.3 Earth Magic
 + Level 5.3 Poison Magic
 + Level 7.0 Invocations
 + Level 6.3 Evocations


You had 6 spell levels left.
You knew the following spells:

 Your Spells              Type           Power      Damage    Failure   Level
a - Foxfire               Conj/Fire      100%       2x1d9     1%          1
b - Scorch                Fire           100%       2d10      1%          2
c - Flame Wave            Conj/Fire      53%        2d11      7%          4
d - Summon Ice Beast      Ice/Summ       45%        N/A       11%         4
e - Fulminant Prism       Conj/Hex       23%        3d13      10%         4
f - Summon Mana Viper     Hex/Summ       45%        N/A       28%         5

Your spell library contained the following spells:

 Spells                   Type           Power      Damage    Failure   Level
 Magic Dart               Conj           100%       1d8       1%          1
 Sandblast                Erth           90%        2d19      1%          1
 Searing Ray              Conj           96%        2d7       1%          2
 Passwall                 Tmut/Erth      37%        N/A       2%          2
 Conjure Flame            Conj/Fire      53%        6-21      2%          3
 Inner Flame              Hex/Fire       52%        N/A       2%          3
 Stone Arrow              Conj/Erth      94%        3d12      3%          3
 Gell's Gravitas          Tloc           45%        N/A       4%          3
 Lesser Beckoning         Tloc           45%        N/A       4%          3
 Teleport Other           Tloc           45%        N/A       4%          3
 Tukima's Dance           Hex            45%        N/A       4%          3
 Passage of Golubria      Tloc           45%        N/A       11%         4
 Yara's Violent Unravell  Hex/Tmut       22%        3d10      28%         5
 Monstrous Menagerie      Summ           22%        N/A       100%        7


Dungeon Overview and Level Annotations

Branches:
Dungeon (10/15)            Temple (1/1) D:7             Orc (1/2) D:9
   Lair: D:8-11

Altars:
Ashenzari
Cheibriados
Dithmenos
Elyvilon
Fedhas
Gozag
Hepliaklqana
Kikubaaqudgha
Makhleb
Nemelex Xobeh
Okawaru
Qazlal
Ru
Sif Muna
Trog
Uskayaw
Vehumet
Wu Jian
Xom
Yredelemnul
Zin
The Shining One

Shops:
D:1 ?   D:8 *   Orc:1 **

Annotations:
D:6 2 transporters
D:10 Harold
Orc:1 3 runed translucent doors, issech's ghost, journeyman TrMo


Innate Abilities, Weirdness & Mutations

You have very sharp teeth.
Your uncanny sense of smell can sniff out nearby items.
Your experience applies equally to all skills.
You have sharp fingernails.
You have large cloven feet.
You have a somewhat thin skeletal structure. (Dex +2, Stealth+)
Your spells are a little harder to cast, but a little more powerful.


Message History

A fulminant prism comes into view.
The centaur shoots an arrow.
The arrow misses you.
The centaur shoots an arrow.
The arrow hits your fulminant prism!
The centaur shoots an arrow.
The arrow hits your fulminant prism!
Your fulminant prism detonates feebly.
Casting: Fulminant Prism (dangerous; 10% risk of failure)
Confirm with . or Enter, or press ? or * to list all spells.
You conjure some foxfire!
The foxfire hits the centaur.
The centaur is moderately wounded.
The foxfire hits the centaur!
The centaur is severely wounded.
The centaur shoots an arrow.
The arrow hits you.
Casting: Foxfire (safe; 1% risk of failure)
Confirm with . or Enter, or press ? or * to list all spells.
Flames lash the centaur.
You kill the centaur!
You hear a shout!
An orc comes into view. It is wielding a +0 whip.
You see here 15 stones.
Casting: Scorch (safe; 1% risk of failure)
Confirm with . or Enter, or press ? or * to list all spells.
You conjure some foxfire!
The foxfire hits the orc!
You kill the orc!
You start resting.
A boulder beetle comes into view.
The boulder beetle moves out of view.
f - 362 stones (gained 15)
The boulder beetle is distracted by your dazzling golden aura.
The boulder beetle is no longer distracted by gold.
Casting: Foxfire (safe; 1% risk of failure)
Confirm with . or Enter, or press ? or * to list all spells.
Flames lash the boulder beetle.
The boulder beetle is lightly wounded.
The boulder beetle's fire resistance burns away.
The boulder beetle hits you!!!
Ouch! That really hurt!
You die...
Your body crumbles into a pile of gold.

##############
.............#
.............#
...≈...@.....#
...≈§..B.....#
..≈≈≈≈.○.....#
..≈§§≈≈≈°....#
.≈≈§≈≈≈≈≈°≈..#
≈≈≈≈§≈≈≈≈.$..#
≈≈≈≈≈≈≈≈≈....#
≈≈≈≈≈≈≈.....#
≈≈≈≈......#


You could see a boulder beetle (rolling, combustible).

Vanquished Creatures
  A two-headed ogre (D:9)
  An orc high priest (Orc:1)
  A manticore (D:8)
  A kobold demonologist (D:8)
  A nameless horror (Orc:1)
  4 trolls
  2 slime creatures (D:8)
  8 yaks
  3 wraiths
  A vampire (D:8)
  2 wyverns
  Eustachio (D:6)
  A steam dragon (D:9)
  A warg (Orc:1)
  Duvessa (D:6)
  4 orc warriors
  3 ice beasts (D:8)
  2 black bears
  3 sky beasts
  4 ogres
  A centaur (D:10)
  2 kobold brigands
  Blork the orc (D:6)
  A scorpion (D:5)
  4 bullfrogs
  Dowan (D:6)
  A water moccasin skeleton (D:4)
  3 killer bees (D:9)
  11 wights
  2 electric eels (D:8)
  2 howler monkeys (D:8)
  3 jellies
  A centaur zombie (D:8)
  3 hounds
  8 orc priests
  2 bullfrog skeletons (D:5)
  3 iguanas
  13 orc wizards
  2 killer bee zombies
  A howler monkey zombie (D:9)
  6 gnolls
  A howler monkey skeleton (D:7)
  7 adders
  2 shadow imps (D:8)
  2 white imps
  An adder skeleton (D:4)
  A worm (D:3)
  2 dart slugs
  46 orcs
  6 ball pythons
  10 endoplasms
  5 giant cockroaches
  14 goblins
  20 hobgoblins
  2 jackals (D:4)
  2 quokkas
  4 bats
  2 frilled lizards (D:1)
  21 kobolds
  11 rats
  A spectral hobgoblin (D:3)
276 creatures vanquished.

Vanquished Creatures (collateral kills)
  A centaur (D:7)
  A kobold brigand (D:7)
  A wight (D:10)
3 creatures vanquished.

Vanquished Creatures (others)
  388 foxfires
  2 fulminant prisms (D:10)
  4 fungi (D:4)
  3 toadstools (D:4)
397 creatures vanquished.

Grand Total: 676 creatures vanquished

Notes
Turn   | Place    | Note
-------+----------+-------------------------------------------
     0 | D:1      | croobank the Gnoll Fire Elementalist began the quest for
                  | the Orb.
     0 | D:1      | Reached XP level 1. HP: 13/13 MP: 6/6
    83 | D:1      | Reached XP level 2. HP: 19/19 MP: 4/7
   171 | D:1      | Learned a level 2 spell: Scorch
   566 | D:1      | Reached XP level 3. HP: 25/25 MP: 5/9
   636 | D:1      | Reached skill level 5 in Spellcasting
   741 | D:1      | Found Xyaseide's Magic Scroll Boutique.
  1004 | D:1      | Reached skill level 1 in Invocations
  1356 | D:2      | Reached skill level 1 in Fighting
  1356 | D:2      | Reached skill level 1 in Short Blades
  1356 | D:2      | Reached skill level 1 in Long Blades
  1356 | D:2      | Reached skill level 1 in Axes
  1356 | D:2      | Reached skill level 1 in Maces & Flails
  1356 | D:2      | Reached skill level 1 in Polearms
  1356 | D:2      | Reached skill level 1 in Staves
  1356 | D:2      | Reached skill level 1 in Slings
  1356 | D:2      | Reached skill level 1 in Bows
  1356 | D:2      | Reached skill level 1 in Crossbows
  1356 | D:2      | Reached skill level 1 in Throwing
  1356 | D:2      | Reached skill level 1 in Armour
  1356 | D:2      | Reached skill level 1 in Shields
  1356 | D:2      | Reached skill level 1 in Unarmed Combat
  1356 | D:2      | Reached skill level 1 in Evocations
  1461 | D:2      | Reached XP level 4. HP: 32/32 MP: 8/11
  1466 | D:2      | Learned a level 4 spell: Flame Wave
  2030 | D:3      | Found a faded altar of an unknown god.
  2078 | D:3      | Reached skill level 1 in Hexes
  2078 | D:3      | Reached skill level 1 in Summonings
  2078 | D:3      | Reached skill level 1 in Necromancy
  2078 | D:3      | Reached skill level 1 in Translocations
  2078 | D:3      | Reached skill level 1 in Transmutations
  2078 | D:3      | Reached skill level 1 in Ice Magic
  2078 | D:3      | Reached skill level 1 in Air Magic
  2078 | D:3      | Reached skill level 1 in Earth Magic
  2078 | D:3      | Reached skill level 1 in Poison Magic
  2153 | D:3      | Reached XP level 5. HP: 37/37 MP: 5/12
  2541 | D:3      | Reached XP level 6. HP: 44/44 MP: 6/13
  3262 | D:4      | Gained mutation: Your body sometimes deteriorates upon
                  | taking damage. [potion of mutation]
  3262 | D:4      | Gained mutation: You are clumsy. (Dex -2) [potion of
                  | mutation]
  3492 | D:4      | Reached skill level 5 in Dodging
  3908 | D:4      | Reached XP level 7. HP: 50/50 MP: 7/15
  4947 | D:4      | Reached skill level 5 in Stealth
  5069 | D:5      | Entered Level 5 of the Dungeon
  5076 | D:5      | Noticed a wraith
  5339 | D:5      | Reached XP level 8. HP: 57/57 MP: 10/16
  5693 | D:5      | Killed a wraith
  5694 | D:5      | Reached skill level 6 in Spellcasting
  6757 | D:6      | Found a transporter.
  6758 | D:6      | Found a transporter.
  6857 | D:6      | Found a bloodstained altar of Trog.
  7006 | D:6      | Noticed Blork the orc
  7022 | D:6      | Killed Blork the orc
  7023 | D:6      | Reached XP level 9. HP: 10/65 MP: 2/18
  7387 | D:6      | Noticed Duvessa
  7404 | D:6      | Noticed Dowan
  7414 | D:6      | Killed Dowan
  7423 | D:6      | Killed Duvessa
  7916 | D:6      | Lost mutation: You are clumsy. (Dex -2) [potion of
                  | mutation]
  7916 | D:6      | Lost mutation: Your body sometimes deteriorates upon taking
                  | damage. [potion of mutation]
  7916 | D:6      | Gained mutation: You have hidden genetic potential. [potion
                  | of mutation]
  7916 | D:6      | Gained mutation: You have a somewhat thin skeletal
                  | structure. (Dex +2, Stealth+) [potion of mutation]
  7916 | D:6      | Gained mutation: You have sharp fingernails. [potion of
                  | mutation]
  8086 | D:6      | Noticed Eustachio
  8095 | D:6      | Killed Eustachio
  8675 | D:7      | Found a staircase to the Ecumenical Temple.
  8689 | Temple   | Entered the Ecumenical Temple
  8934 | Temple   | Became a worshipper of Gozag Ym Sagoz the Greedy
  9569 | D:7      | Learned a level 4 spell: Summon Ice Beast
  9699 | D:7      | Identified the +5 chain mail "Zypaom" {Int+3}
  9900 | D:8      | Reached skill level 5 in Invocations
 10507 | D:8      | Found Tuigifiteh's General Store.
 10524 | D:8      | Bought a scroll of blinking for 90 gold pieces
 10581 | D:8      | Reached skill level 7 in Spellcasting
 10775 | D:8      | Reached XP level 10. HP: 66/73 MP: 20/20
 10857 | D:8      | Reached skill level 5 in Fighting
 10857 | D:8      | Reached skill level 5 in Short Blades
 10857 | D:8      | Reached skill level 5 in Long Blades
 10857 | D:8      | Reached skill level 5 in Axes
 10857 | D:8      | Reached skill level 5 in Maces & Flails
 10857 | D:8      | Reached skill level 5 in Polearms
 10857 | D:8      | Reached skill level 5 in Staves
 10857 | D:8      | Reached skill level 5 in Slings
 10857 | D:8      | Reached skill level 5 in Bows
 10857 | D:8      | Reached skill level 5 in Crossbows
 10857 | D:8      | Reached skill level 5 in Throwing
 10857 | D:8      | Reached skill level 5 in Armour
 10857 | D:8      | Reached skill level 5 in Shields
 10857 | D:8      | Reached skill level 5 in Unarmed Combat
 10857 | D:8      | Reached skill level 5 in Evocations
 10875 | D:8      | Gained mutation: Your spells are a little harder to cast,
                  | but a little more powerful. [hidden potential]
 11839 | D:8      | Reached skill level 5 in Conjurations
 11845 | D:8      | Noticed a manticore
 11855 | D:8      | Killed a manticore
 11945 | D:8      | Identified the +0 hand crossbow "Rema" {flame, rN+}
 12121 | D:8      | Noticed a kobold demonologist
 12128 | D:8      | Killed a kobold demonologist
 12129 | D:8      | Reached XP level 11. HP: 79/81 MP: 22/22
 12428 | D:9      | Noticed a two-headed ogre
 12618 | D:9      | Learned a level 4 spell: Fulminant Prism
 12767 | D:9      | Noticed a two-headed ogre
 12927 | D:9      | Gained mutation: You have large cloven feet. [hidden
                  | potential]
 12927 | D:9      | Lost mutation: You have hidden genetic potential. [hidden
                  | potential expressed]
 13257 | D:9      | Reached skill level 5 in Hexes
 13257 | D:9      | Reached skill level 5 in Summonings
 13257 | D:9      | Reached skill level 5 in Necromancy
 13257 | D:9      | Reached skill level 5 in Translocations
 13257 | D:9      | Reached skill level 5 in Transmutations
 13257 | D:9      | Reached skill level 5 in Ice Magic
 13257 | D:9      | Reached skill level 5 in Air Magic
 13257 | D:9      | Reached skill level 5 in Earth Magic
 13257 | D:9      | Reached skill level 5 in Poison Magic
 13359 | D:9      | Killed a two-headed ogre
 13360 | D:9      | Reached skill level 8 in Spellcasting
 13629 | D:9      | Found a staircase to the Orcish Mines.
 13699 | D:10     | Entered Level 10 of the Dungeon
 13703 | D:10     | Noticed Harold
 13761 | Orc:1    | Entered Level 1 of the Orcish Mines
 14015 | Orc:1    | Found Odeamiel's General Store.
 14044 | Orc:1    | Noticed an orc high priest
 14210 | D:9      | Learned a level 5 spell: Summon Mana Viper
 14212 | Orc:1    | Noticed a nameless horror
 14218 | Orc:1    | Killed an orc high priest
 14219 | Orc:1    | Killed a nameless horror
 14347 | Orc:1    | Found a runed translucent gate.
 14348 | Orc:1    | Found a runed translucent gate.
 14348 | Orc:1    | Found an opulent altar of Gozag.
 14349 | Orc:1    | Found a runed translucent gate.
 14351 | Orc:1    | Noticed issech's ghost (journeyman TrMo)
 14361 | Orc:1    | Found Ufuess's Assorted Antiques.
 14376 | Orc:1    | Noticed an orc high priest
 14895 | D:10     | Noticed a boulder beetle
 14903 | D:10     | Demolished by a boulder beetle

Illustrated notes

Levels and vault maps discovered:
D:1:      onia_arrival_pentagram, layout_loops_ring, serial_shops, shop,
          chequers_serial_rivers_micro_d
D:2:      layout_basic
D:3:      layout_basic, dreamdust_ecumenical_altar_drowned_temple
D:4:      layout_layer_cave, minmay_gold_behind_fungi
D:5:      corexii_shantytown, layout_cave_pools
D:6:      gammafunk_steamed_eel, layout_basic, mainiacjoe_overflow_brackets,
          uniq_blork_the_orc, uniq_eustachio, uniq_duvessa
D:7:      layout_basic, minmay_temple_entry_drinking_statues
D:8:      layout_loops_ring, serial_shops, nicolae_lakefront_shop,
          minmay_crystal_water, minmay_evil_grid
D:9:      layout_basic, orc_0_dummy, enter_bailey_3,
          nicolae_concentric_dashed_squares_wild
D:10:     layout_rooms, lemuel_old_faithful, uniq_harold, uniq_snorg
Temple:   mainiacjoe_temple_trianglar_array
Orc:1:    layout_caves, ebering_ghost_gozag, serial_shops, shop,
          minmay_orc_temple_b

Skill      XL: |  1  2  3  4  5  6  7  8  9 10 11 |
---------------+----------------------------------+-----
Conjurations   | 2 3 4 5 |  5.7
Spellcasting   | 5 6 7 8 |  8.2
Invocations    | 1 2 3 4 5 6 7 |  7.0
Fighting       | 1 2 3 4 5 6 |  6.3
Short Blades   | 1 2 3 4 5 6 |  6.3
Long Blades    | 1 2 3 4 5 6 |  6.3
Axes           | 1 2 3 4 5 6 |  6.3
Maces & Flails | 1 2 3 4 5 6 |  6.3
Polearms       | 1 2 3 4 5 6 |  6.3
Staves         | 1 2 3 4 5 6 |  6.3
Slings         | 1 2 3 4 5 6 |  6.3
Bows           | 1 2 3 4 5 6 |  6.3
Crossbows      | 1 2 3 4 5 6 |  6.3
Throwing       | 1 2 3 4 5 6 |  6.3
Armour         | 1 2 3 4 5 6 |  6.3
Shields        | 1 2 3 4 5 6 |  6.3
Unarmed Combat | 1 2 3 4 5 6 |  6.3
Evocations     | 1 2 3 4 5 6 |  6.3
Hexes          | 1 2 3 4 5 |  5.3
Summonings     | 1 2 3 4 5 |  5.3
Necromancy     | 1 2 3 4 5 |  5.3
Translocations | 1 2 3 4 5 |  5.3
Transmutations | 1 2 3 4 5 |  5.3
Ice Magic      | 1 2 3 4 5 |  5.3
Air Magic      | 1 2 3 4 5 |  5.3
Earth Magic    | 1 2 3 4 5 |  5.3
Poison Magic   | 1 2 3 4 5 |  5.3
Dodging        | 5 6 7 |  7.9
Stealth        | 5 6 7 |  7.7
Fire Magic     | 6 7 |  7.7

Action                   |  1- 3 |  4- 6 |  7- 9 | 10-12 || total
-------------------------+-------+-------+-------+-------++-------
Melee: War axe           |       |    20 |    47 |    15 ||    82
       Bite              |       |     2 |     4 |     1 ||     7
       Punch             |       |       |     3 |     1 ||     4
       Kick              |       |       |       |     3 ||     3
Throw: Dart              |       |       |     5 |     4 ||     9
       Stone             |       |       |     1 |     1 ||     2
 Cast: Foxfire           |    40 |    54 |    87 |    62 ||   243
       Scorch            |    13 |    38 |   129 |   157 ||   337
       Flame Wave        |       |       |     5 |     6 ||    11
       Summon Ice Beast  |       |       |     1 |     3 ||     4
       Fulminant Prism   |       |       |       |     2 ||     2
       Summon Mana Viper |       |       |       |     1 ||     1
Evoke: Wand              |       |       |     1 |       ||     1
  Use: Scroll            |       |     7 |     9 |     8 ||    24
       Potion            |       |     4 |     4 |     3 ||    11
Armor: Robe              |       |     6 |    19 |    22 ||    47
Dodge: Dodged            |     2 |    23 |    69 |    93 ||   187
